 Dungeon Crawl Stone Soup version 0.29-a0-721-g7f417c9bbb (webtiles) character file.

Game seed: 13344327767002630599

1617 hquester1 the Shield-Bearer (level 8, 0/71 HPs)
             Began as a Minotaur Fighter on June 27, 2022.
             Killed by divine providence
             ... invoked by an orc priest
              (15 damage)
             ... on level 6 of the Dungeon.
             The game lasted 00:15:41 (4914 turns).

hquester1 the Shield-Bearer (Minotaur Fighter)      Turns: 4914, Time: 00:15:41

Health: 0/71       AC: 21    Str: 22    XL:     8   Next: 64%
Magic:  16/16      EV: 11    Int:  9    God:
Gold:   30         SH:  5    Dex:  9    Spells: 7/7 levels left

rFire   + . .      SeeInvis +   r - +0 whip (elec)
rCold   . . .      Faith    .   c - +0 buckler
rNeg    . . .      Spirit   .   D - +6 scale mail of Zebirr {Harm rF+ MP+9}
rPois   +          Reflect  .   (helmet restricted)
rElec   .          Harm     +   E - scarf {shadows}
rCorr   .          Rampage  .   n - +0 pair of gloves
Will    .....                   (no boots)
Stlth   ..........              (no amulet)
HPRegen 0.21/turn               v - ring of see invisible
MPRegen 0.15/turn               o - +4 ring of protection

@: no status effects
A: horns 2, retaliatory headbutt, iridescent scales 1, clever 1, poison
resistance, screaming 1
a: no special abilities


You were on level 6 of the Dungeon.
You visited 2 branches of the dungeon, and saw 7 of its levels.

You collected 219 gold pieces.
You spent 189 gold pieces at shops.

Inventory:

Hand Weapons
 a - a +0 flail
 r - a +0 whip of electrocution (weapon)
 B - a +0 morningstar
Armour
 c - a +0 buckler (worn)
 n - a +0 pair of gloves (worn)
 D - the +6 scale mail of Zebirr (worn) {Harm rF+ MP+9}
   (You bought it in a shop on level 5 of the Dungeon)

   rF:        It protects you from fire.
   MP:        It affects your magic capacity (+9).
   Harm:      It increases damage dealt and taken.
 E - a scarf of shadows (worn)
Jewellery
 o - a +4 ring of protection (right hand)
 t - a ring of willpower
 v - a ring of see invisible (left hand)
Wands
 b - a wand of polymorph (4)
 d - a wand of flame (13)
 e - a wand of charming (3)
 C - a wand of iceblast (7)
Scrolls
 g - a scroll of brand weapon {unknown}
 h - a scroll of vulnerability {unknown}
 i - 3 scrolls of teleportation
 k - a scroll of summoning
 l - a scroll of blinking
 p - a scroll of enchant armour {unknown}
 w - a scroll of enchant weapon {unknown}
 y - a scroll of silence {unknown}
 A - a scroll of fog
Potions
 f - 2 potions of mutation
 j - 5 potions of curing
 m - 4 potions of heal wounds
 q - 2 potions of flight
 s - a potion of haste {unknown}
 u - a potion of lignification {unknown}
 x - 2 potions of brilliance
 z - a potion of magic {unknown}


   Skills:
 + Level 6.9 Fighting
 + Level 6.4 Maces & Flails
 + Level 6.9 Armour
 + Level 5.0 Dodging
 + Level 7.0 Shields


You had 7 spell levels left.
You didn't know any spells.
Your spell library contained the following spells:

 Spells                   Type           Power      Damage    Failure   Level
 Gell's Gravitas          Tloc           0%         N/A       98%         3
 Lesser Beckoning         Tloc           0%         N/A       98%         3
 Teleport Other           Tloc           0%         N/A       98%         3


Dungeon Overview and Level Annotations

Branches:
Dungeon (6/15)             Temple (1/1) D:4

Altars:
Ashenzari
Dithmenos
Elyvilon
Fedhas
Gozag
Kikubaaqudgha
Makhleb
Qazlal
Ru
Sif Muna
Trog
Uskayaw
Vehumet
Wu Jian
Xom
Yredelemnul
Zin
The Shining One

Shops:
D:5 *[(=


Innate Abilities, Weirdness & Mutations

You have a pair of horns on your head.
You reflexively headbutt those who attack you in melee.
You are partially covered in iridescent scales. (AC +2)
Your mind is acute. (Int +4, Str/Dex -1)
Your system is resistant to poisons. (rPois)
You occasionally shout uncontrollably at your foes.


Message History

There is an open door here.
Things that are here:
a +0 giant club; an ogre corpse
s - a metallic clear potion You now have 30 gold pieces (gained 10).
You open the door. You open the door.
There is an open door here.
An orc warrior and an iguana come into view.
The orc warrior shouts!
An orc priest comes into view. It is wielding a +0 flail.
An orc priest comes into view. It is wielding a +0 club.
You closely miss the iguana. You headbutt the iguana!
The iguana is heavily wounded.
The iguana barely misses you.
You hit the iguana.
The iguana is severely wounded.
The iguana bites you but does no damage.
You barely miss the iguana.
The orc priest shouts!
You headbutt the iguana.
The iguana is severely wounded.
The iguana bites you but does no damage.
The orc priest mumbles some strange prayers to Beogh against you.
Beogh smites you!
You hit the iguana but do no damage. Lightning courses through the iguana!
You kill the iguana!
Your Dodging skill increases to level 5!
Your Shields skill increases to level 7!
You block the orc warrior's attack.
You closely miss the orc warrior. Your headbutt misses the orc warrior.
The orc priest invokes the aid of Beogh against you.
Beogh smites you!
The orc warrior hits you with a +0 broad axe!
* * * LOW HITPOINT WARNING * * *
You hit the orc warrior but do no damage.
Your headbutt misses the orc warrior.
The orc priest invokes the aid of Beogh against you.
Beogh smites you!
You die...

...........#
...........#
...........# ..o.#
...........####
o...#
...........>..#
.o..#
..............#
l.?.#
#####+####....#
....+
#.####....####....#
#....'....'.@oo...#
######....####....#
#....# #+### #....#
#....# ......#
....###


You could see an orc warrior and an orc priest.

Vanquished Creatures
  Sigmund (D:5)
  Eustachio (D:5)
  An ice beast (D:4)
  An orc warrior (D:6)
  A sky beast (D:6)
  The ghost of zeratav the Sneak, an amateur FoFi (D:3)
  2 ogres
  A phantom (D:6)
  Blork the orc (D:6)
  A scorpion (D:4)
  2 howler monkeys
  2 hounds (D:4)
  2 orc priests
  2 jellies (D:5)
  5 iguanas
  Terence (D:3)
  2 orc wizards (D:5)
  A river rat (D:4)
  4 adders
  A white imp (D:4)
  5 worms
  4 dart slugs
  6 orcs
  3 endoplasms
  3 giant cockroaches
  9 goblins
  5 hobgoblins
  3 jackals (D:2)
  7 kobolds
  2 quokkas (D:1)
  8 ball pythons
  7 bats
  3 frilled lizards (D:2)
  14 rats
112 creatures vanquished.

Vanquished Creatures (others)
  20 plants (D:3)
20 creatures vanquished.

Grand Total: 132 creatures vanquished

Notes
Turn   | Place    | Note
-------+----------+-------------------------------------------
     0 | D:1      | hquester1 the Minotaur Fighter began the quest for the Orb.
     0 | D:1      | Reached XP level 1. HP: 19/19 MP: 0/0
    57 | D:1      | Found a faded altar of an unknown god.
   131 | D:1      | Reached XP level 2. HP: 21/27 MP: 1/1
   437 | D:1      | Reached skill level 4 in Shields
   495 | D:1      | Reached XP level 3. HP: 33/33 MP: 2/2
   705 | D:2      | Reached skill level 1 in Dodging
   918 | D:2      | Reached XP level 4. HP: 40/40 MP: 3/3
  1098 | D:2      | Gained mutation: Armour fits poorly on your strangely
                  | shaped body. [potion of mutation]
  1098 | D:2      | Gained mutation: Your flesh is cold resistant. (rC+)
                  | [potion of mutation]
  1099 | D:2      | Lost mutation: Your flesh is cold resistant. (rC+) [potion
                  | of mutation]
  1099 | D:2      | Lost mutation: Armour fits poorly on your strangely shaped
                  | body. [potion of mutation]
  1099 | D:2      | Gained mutation: Your system is resistant to poisons.
                  | (rPois) [potion of mutation]
  1099 | D:2      | Gained mutation: You are partially covered in iridescent
                  | scales. (AC +2) [potion of mutation]
  1099 | D:2      | Gained mutation: You occasionally shout uncontrollably at
                  | your foes. [potion of mutation]
  1099 | D:2      | Gained mutation: Your mind is acute. (Int +4, Str/Dex -1)
                  | [potion of mutation]
  1266 | D:3      | Found a large runed translucent door.
  1268 | D:3      | Found a large runed translucent door.
  1281 | D:3      | Noticed zeratav's ghost (amateur FoFi)
  1834 | D:3      | Noticed Terence
  1839 | D:3      | Killed Terence
  1992 | D:3      | Killed zeratav's ghost
  1993 | D:3      | Reached XP level 5. HP: 22/47 MP: 4/4
  2218 | D:4      | Found an opulent altar of Gozag.
  2254 | D:4      | Noticed an ice beast
  2260 | D:4      | Killed an ice beast
  2261 | D:4      | Reached skill level 5 in Shields
  2261 | D:4      | Reached XP level 6. HP: 55/55 MP: 5/5
  2285 | D:4      | Reached skill level 5 in Fighting
  2298 | D:4      | Reached skill level 5 in Armour
  2300 | D:4      | Identified the +2 ring mail of the Valley of Death {Drain
                  | Regen+ Slay-3 Stlth+}
  2513 | D:4      | Reached XP level 7. HP: 57/61 MP: 6/6
  2560 | D:4      | Found a staircase to the Ecumenical Temple.
  2747 | Temple   | Entered the Ecumenical Temple
  3432 | D:5      | Entered Level 5 of the Dungeon
  3577 | D:5      | Reached skill level 5 in Maces & Flails
  3583 | D:5      | Found Kaomuab's Jewellery Emporium.
  3586 | D:5      | Noticed Sigmund
  3594 | D:5      | Killed Sigmund
  3720 | D:5      | Reached skill level 6 in Shields
  3781 | D:5      | Found a stormy altar of Qazlal.
  3793 | D:5      | Noticed Eustachio
  3801 | D:5      | Killed Eustachio
  3802 | D:5      | Reached XP level 8. HP: 69/70 MP: 7/7
  3939 | D:5      | Found Funerihi's Armour Boutique.
  3987 | D:5      | Found Pemn's Antique Weapon Boutique.
  4571 | D:5      | Found Otruck's Assorted Antiques.
  4579 | D:5      | Bought a polished scale mail for 189 gold pieces
  4579 | D:5      | Identified the +6 scale mail of Zebirr {Harm rF+ MP+9} (You
                  | bought it in a shop on level 5 of the Dungeon)
  4792 | D:6      | Noticed Blork the orc
  4799 | D:6      | Killed Blork the orc
  4912 | D:6      | Reached skill level 5 in Dodging
  4912 | D:6      | Reached skill level 7 in Shields
  4914 | D:6      | Killed from afar by an orc priest

Illustrated notes

Levels and vault maps discovered:
D:1:      saegor_arrival_under_anarchy, layout_rooms,
          shapermc_ecumenical_altar_venn, minmay_rat_gold_closets
D:2:      layout_rooms
D:3:      layout_loops_cross, ebering_ghost_disaster_area, serial_bayou_lake_a,
          uniq_terence
D:4:      layout_loops_cross, lemuel_coloured_pillars_altar,
          minmay_temple_entry_proselytizer, portal_sewer_entry_e
D:5:      layout_layer_cave, mainiacjoe_overflow_chevrons, serial_shops,
          nicolae_shop_trees, nicolae_shop_stone, nicolae_shop_trees, shop,
          dreamdust_princess_bridge, uniq_sigmund, uniq_eustachio
D:6:      layout_basic, kennysheep_mini_moat, hangedman_decor_riveting,
          glass_columns_b, uniq_crazy_yiuf_cottage, uniq_blork_the_orc
Temple:   eino_temple_rhombus

Skill      XL: |  1  2  3  4  5  6  7  8 |
---------------+-------------------------+-----
Fighting       | 4 5 6 |  6.9
Armour         | 4 5 6 |  6.9
Shields        | 4 5 6 7 |  7.0
Maces & Flails | 3 4 5 6 |  6.4
Dodging        | 1 2 3 4 5 |  5.0

Action                   |  1- 3 |  4- 6 |  7- 9 || total
-------------------------+-------+-------+-------++-------
Melee: Flail             |   103 |    16 |       ||   119
       Headbutt          |    18 |    13 |    29 ||    60
       Whip              |       |    92 |   130 ||   222
  Use: Scroll            |       |     5 |     5 ||    10
       Potion            |       |     2 |     1 ||     3
Armor: Scale mail        |    66 |    39 |    52 ||   157
Dodge: Dodged            |    59 |    35 |    29 ||   123
Block: Buckler           |    22 |    20 |    14 ||    56

Table legend: (Time is in decaauts)
 A = Elapsed time spent in this place.
 B = Non-inter-level travel time spent in this place.
 C = Inter-level travel time spent in this place.
 D = Time resting spent in this place.
 E = Time spent auto-exploring this place.
 F = Levels seen in this place.
 G = Mean time per level.
                   A        B        C        D        E       F      G
               +--------+--------+--------+--------+--------+-----+--------+
         Total |   4948 |   4822 |    126 |      0 |   3507 |   7 |  706.9 |
       Dungeon |   4760 |   4636 |    124 |      0 |   3348 |   6 |  793.3 |
        Temple |    187 |    185 |      2 |      0 |    159 |   1 |  187.0 |
               +--------+--------+--------+--------+--------+-----+--------+

Top non-repeatable levels by time:
     D:5: 1291 daAuts
     D:3: 1082 daAuts
     D:4: 1055 daAuts
     D:1: 587 daAuts
     D:2: 568 daAuts
  Temple: 187 daAuts
     D:6: 175 daAuts
